Map: Last Remnant

Players

LESTERMAN

  • Race: Terran Terran
  • League: Bronze
  • Spawn Location: 12:00

Babayaga

  • Race: Terran Terran
  • League: Bronze
  • Spawn Location: 12:00

PureSpirit

  • Race: Protoss Protoss
  • Spawn Location: 1:00

sss

  • Race: Zerg Zerg
  • Spawn Location: 3:00

JimBo - Winner!

  • Race: Protoss Protoss
  • Spawn Location: 7:00

Rezman - Winner!

  • Race: Zerg Zerg
  • Spawn Location: 6:00

Battacker - Winner!

  • Race: Zerg Zerg
  • Spawn Location: 6:00

Infamous - Winner!

  • Race: Terran Terran
  • League: Silver
  • Spawn Location: 9:00

VOD

Have the link to the VOD?

Description

Time

  • Played on: March 20, 2018, 3:24 p.m.
  • Length: 16:06
Show
View Real Time Build Order
Export as new Build Order

LESTERMAN Terran 

Build Orders:  

Get SALT Encoding   

  12  0:07  SCV  
  13  0:19  SCV  
  14  0:30  Supply Depot  
  14  0:31  SCV  
  15  0:36  Supply Depot  
  15  0:47  Supply Depot  
  15  0:56  SCV  
  16  1:08  SCV  
  17  1:12  Refinery  
  17  1:16  Refinery  
  17  1:20  SCV  
  18  1:32  Barracks, SCV  
  19  1:44  Barracks, SCV  
  20  1:59  Barracks  
  20  2:12  Barracks  
  20  2:17  Barracks  
  20  2:32  Marine x2  
  22  2:50  Marine x2  
  24  3:08  Marine x2  
  26  3:26  Marine  
  26  3:27  Marine x4  
  31  3:44  Marine x2  
  31  3:45  Marine x3  
  36  4:08  Marine x2  
  38  4:33  Barracks Tech Lab, Barracks Reactor  
  38  4:35  Barracks Tech Lab, Barracks Reactor  
  38  4:36  Barracks Tech Lab  
  25  5:17  Marine  
  25  5:18  Marine x6  
  29  5:35  Marine  
  29  5:36  Marine x3  
  29  5:37  Marauder x3  
  29  5:38  Engineering Bay  
  29  5:40  Engineering Bay  
  39  6:27  Marine, Planetary Fortress  
  39  6:29  Marine x2  
  39  6:30  Marine  
  38  6:34  Marauder  
  38  6:35  Missile Turret, Marauder  
  38  6:36  Marauder  
  34  6:45  Marine  
  34  6:47  Marine  
  31  6:51  Missile Turret  
  31  6:53  Missile Turret  
  32  6:58  Missile Turret  
  32  7:04  Missile Turret  
  32  7:19  Missile Turret  
  32  7:28  Marauder  
  34  7:39  Missile Turret  
  25  8:20  Marine x4, Marauder x3  
  33  8:37  Marine  
  33  8:38  Marine  
  35  8:41  Marauder  
  35  8:42  Marauder  
  39  9:02  Marauder  
  38  9:21  Marauder  
  38  9:22  Marauder  
  38  9:23  Marauder  
  38  9:24  Marine  
  36  9:41  Marine x2  
  36  9:43  Marine, Marauder x2  
  36  9:45  Marauder  
  30  10:06  Terran Infantry Weapons Level 1  
  22  10:31  Marauder  
  23  10:48  Missile Turret  
  23  10:52  Missile Turret  
  23  10:56  Missile Turret  
  13  13:21  Command Center  
  13  13:45  Supply Depot  
  13  13:47  Missile Turret  
  13  14:22  Command Center  
  1  15:10  Marine x2  
  3  15:33  Marine x2  
Show
View Real Time Build Order
Export as new Build Order

Babayaga Terran 

Build Orders:  

Get SALT Encoding   

  12  0:03  SCV  
  13  0:25  SCV  
  14  0:35  Supply Depot  
  14  0:37  SCV  
  16  0:57  SCV  
  16  1:09  SCV, Refinery  
  17  1:12  Refinery  
  17  1:16  Supply Depot  
  17  1:21  SCV  
  18  1:28  Barracks  
  18  1:33  SCV  
  19  1:43  Engineering Bay  
  19  1:45  SCV  
  20  1:57  Barracks, SCV  
  20  3:06  Barracks Reactor x2  
  20  3:21  Engineering Bay  
  20  3:26  SCV  
  20  3:27  Barracks  
  21  3:38  SCV  
  22  3:50  SCV  
  23  4:02  SCV  
  24  4:05  Terran Infantry Weapons Level 1  
  24  4:14  SCV  
  24  4:16  Terran Infantry Armor Level 1  
  25  4:26  SCV  
  25  4:30  Barracks Reactor  
  26  4:33  Command Center  
  27  4:38  SCV  
  27  4:44  Barracks  
  27  4:50  SCV  
  28  5:02  SCV  
  28  5:05  Supply Depot  
  29  5:31  Barracks  
  29  5:32  Barracks Tech Lab  
  21  6:08  SCV  
  22  6:18  Missile Turret  
  22  6:20  SCV  
  23  6:28  SCV  
  23  6:32  SCV  
  25  6:38  Missile Turret  
  25  6:41  SCV  
  25  6:44  SCV  
  27  6:50  Supply Depot  
  27  6:53  Barracks Reactor, Factory, SCV  
  28  6:55  Combat Shields  
  28  6:56  SCV  
  28  6:58  Missile Turret  
  29  7:05  SCV  
  30  7:09  SCV  
  30  7:13  Supply Depot  
  31  7:17  SCV  
  31  7:18  Missile Turret  
  31  7:21  SCV  
  33  7:29  SCV  
  34  7:33  SCV  
  35  7:38  Supply Depot  
  35  7:41  Missile Turret, SCV, Factory Tech Lab  
  36  7:45  SCV  
  37  7:52  Marine x2  
  37  7:53  Marine x3  
  37  7:54  Marine x2  
  37  7:55  Marine, Starport  
  37  7:56  Marine  
  37  7:57  SCV  
  47  8:01  Supply Depot  
  47  8:21  Armory  
  47  8:24  Supply Depot  
  47  8:27  Marine x5  
  47  8:28  Marine x4  
  47  8:34  Starport Tech Lab  
  56  8:38  Starport  
  56  8:43  Orbital Command  
  56  8:44  Marine  
  56  8:45  Marine x5  
  56  8:46  Marine x3, Supply Depot  
  56  8:48  Orbital Command  
  65  9:03  Medivac  
  65  9:07  Marine  
  65  9:08  Marine  
  65  9:09  Fusion Core  
  69  9:10  Marine  
  69  9:11  Marine  
  69  9:12  Marine  
  72  9:29  Supply Depot  
  72  9:33  Medivac  
  72  9:36  Starport Tech Lab  
  74  9:53  Marine x4  
  74  9:54  Marine x2  
  74  9:55  Marine x3  
  83  10:10  Marine  
  83  10:11  Marine x3, Terran Infantry Armor Level 2, Terran Infantry Weapons Level 2  
  83  10:12  Marine x2  
  83  10:13  Marine x2  
  91  10:17  Medivac  
  93  10:28  Marine  
  93  10:29  Marine x2  
  93  10:30  Marine  
  97  10:37  Refinery  
  97  10:44  Refinery  
  97  10:49  Marine  
  98  10:51  Marine  
  98  10:52  Marine  
  98  10:53  Marine  
  98  10:54  Marine  
  102  11:09  Medivac x2  
  106  11:13  Marine x5  
  106  11:14  Marine x4  
  115  11:31  Marine x4  
  72  11:54  Marine x3  
  72  11:55  Marine x5  
  72  11:56  Marine  
  81  12:12  Marine x4  
  81  12:13  Marine x3  
  88  12:19  Marine x2  
  90  12:30  Marine x5  
  90  12:31  Marine x2  
  90  12:36  Marine  
  90  12:37  Marine  
  38  13:19  Marine  
Show
View Real Time Build Order
Export as new Build Order

PureSpirit Protoss 

Build Orders: Cannon Rush 

Get SALT Encoding   

  12  0:01  Probe  
  13  0:13  Probe  
  14  0:21  Pylon  
  14  0:25  Probe  
  15  0:39  Probe (Chrono Boost)  
  17  0:51  Probe (Chrono Boost)  
  17  0:54  Forge  
  17  0:56  Probe (Chrono Boost)  
  18  1:15  Probe (Chrono Boost)  
  20  1:26  Probe (Chrono Boost)  
  20  1:34  Pylon  
  20  1:38  Photon Cannon  
  20  1:51  Photon Cannon  
  20  1:57  Photon Cannon  
  20  2:02  Pylon  
  20  2:04  Probe  
  21  2:16  Probe  
  21  2:20  Photon Cannon  
  22  2:33  Pylon  
  22  3:06  Probe (Chrono Boost)  
  22  3:08  Nexus  
  23  3:18  Probe (Chrono Boost)  
  24  3:26  Probe (Chrono Boost)  
  25  3:29  Gateway  
  25  3:32  Probe  
  25  3:33  Assimilator  
  26  3:38  Assimilator  
  26  3:44  Probe  
  27  3:48  Assimilator  
  27  4:02  Assimilator  
  27  4:19  Cybernetics Core  
  27  4:22  Pylon  
  27  4:25  Pylon  
  27  4:34  Probe (Chrono Boost)  
  27  4:37  Probe (Chrono Boost)  
  30  4:48  Probe x2 (Chrono Boost)  
  30  4:52  Probe (Chrono Boost)  
  32  5:01  Stargate  
  32  5:03  Probe  
  33  5:15  Probe  
  34  5:27  Stargate  
  34  5:30  Stargate  
  35  5:35  Probe (Chrono Boost)  
  35  5:45  Probe (Chrono Boost)  
  36  5:50  Probe (Chrono Boost)  
  37  6:07  Probe  
  38  6:11  Void Ray x2  
  46  6:19  Probe  
  47  6:27  Void Ray  
  47  6:31  Pylon  
  51  6:52  Protoss Air Weapons Level 1  
  51  6:54  Protoss Shields Level 1, Void Ray  
  51  6:55  Nexus  
  55  7:04  Void Ray  
  59  7:11  Probe  
  60  7:22  Stargate  
  60  7:23  Probe  
  60  7:29  Assimilator  
  60  8:17  Void Ray x4  
  40  9:34  Void Ray x3  
  40  9:35  Void Ray  
  56  9:46  Robotics Facility  
  56  10:17  Void Ray  
  44  10:38  Void Ray x3 (Chrono Boost)  
  44  10:42  Protoss Air Armor Level 1  
  56  11:03  Void Ray (Chrono Boost)  
Show
View Real Time Build Order
Export as new Build Order

sss Zerg 

Build Orders: Pool First, Muta Ling Bane, Swarm Host 

Get SALT Encoding   

  12  0:16  Overlord  
  12  0:17  Drone  
  12  0:18  Drone  
  14  0:31  Extractor  
  14  0:35  Drone, Extractor  
  13  0:42  Drone  
  14  0:54  Spawning Pool  
  13  1:08  Overlord x2  
  13  1:19  Evolution Chamber  
  13  1:22  Drone  
  13  1:23  Drone  
  14  1:44  Queen  
  16  1:57  Zergling x2  
  16  1:58  Zergling x4  
  19  2:37  Lair  
  19  2:41  Drone x2  
  19  2:42  Drone  
  22  2:49  Metabolic Boost  
  22  3:24  Drone x4  
  22  3:25  Overlord  
  26  3:44  Zergling x2  
  27  3:54  Zerg Ground Armor Level 1  
  26  4:32  Hydralisk Den  
  26  4:37  Infestation Pit  
  24  4:40  Spire  
  23  4:51  Baneling Nest  
  22  5:08  Hatchery  
  22  5:12  Extractor, Hydralisk  
  19  5:28  Overseer  
  19  5:40  Hive  
  19  5:48  Zerg Missile Weapons Level 1  
  19  6:10  Swarm Host x2  
  24  6:32  Drone  
  24  6:33  Drone  
  24  6:37  Queen  
  27  6:43  Mutalisk  
  29  7:00  Drone  
  29  7:01  Drone  
  31  7:35  Mutalisk  
  31  7:36  Mutalisk x2  
  37  7:41  Drone x3  
  37  7:53  Lair  
  34  8:06  Mutalisk x2  
  34  8:11  Drone x3  
  34  8:12  Drone  
  42  8:18  Drone x2  
  44  8:25  Overlord  
  44  8:33  Zerg Flyer Weapons Level 1  
  44  8:56  Mutalisk x3  
  38  9:27  Extractor, Drone x3  
  38  9:29  Overlord x4  
  38  9:30  Overlord x2  
  34  9:38  Centrifical Hooks  
  34  9:57  Swarm Host x3  
  43  10:01  Zergling x2  
  44  10:12  Muscular Augments  
  44  10:23  Mutalisk  
  45  10:39  Zergling x8  
  45  10:40  Zergling x2  
  40  11:02  Mutalisk x4  
  37  11:08  Zergling x4  
  35  11:22  Spine Crawler  
  35  11:23  Spine Crawler  
  31  11:27  Spine Crawler x2  
  27  11:34  Hive  
  27  11:40  Spawning Pool  
  17  12:09  Drone x6  
  20  12:36  Spire  
  19  12:41  Hydralisk Den  
  18  13:13  Hydralisk x6  
  18  13:14  Hydralisk  
  32  13:51  Mutalisk x2  
  32  13:52  Mutalisk x2  
  40  13:58  Mutalisk x4  
  42  14:31  Mutalisk x4  
  42  14:32  Mutalisk  
  52  14:57  Hydralisk x5  
Show
View Real Time Build Order
Export as new Build Order

JimBo Protoss - Winner!

Build Orders: Cannon Rush 

Get SALT Encoding   

  12  0:08  Probe  
  13  0:20  Probe  
  14  0:21  Pylon  
  14  0:55  Forge  
  14  1:11  Probe (Chrono Boost)  
  15  1:22  Probe (Chrono Boost)  
  16  1:26  Pylon  
  16  1:27  Probe (Chrono Boost)  
  17  1:38  Probe  
  18  1:40  Pylon  
  18  1:45  Photon Cannon  
  18  1:49  Pylon  
  18  1:50  Probe  
  18  1:53  Photon Cannon  
  19  1:57  Photon Cannon  
  19  2:07  Photon Cannon  
  19  2:31  Photon Cannon  
  19  2:42  Photon Cannon  
  18  3:13  Gateway  
  18  3:16  Photon Cannon  
  18  3:18  Photon Cannon  
  18  3:21  Pylon  
  18  3:35  Assimilator  
  18  3:38  Probe, Assimilator  
  18  3:40  Nexus  
  19  3:50  Probe  
  19  3:51  Pylon  
  20  4:03  Probe  
  21  4:10  Cybernetics Core  
  21  4:15  Probe  
  22  4:27  Probe  
  23  4:53  Stargate  
  23  5:01  Photon Cannon  
  23  5:05  Photon Cannon  
  23  5:30  Pylon  
  23  5:39  Assimilator  
  23  5:41  Probe (Chrono Boost)  
  24  5:46  Assimilator  
  24  5:49  Stargate  
  24  5:51  Probe (Chrono Boost)  
  24  5:52  Stargate  
  24  5:55  Pylon  
  24  5:56  Probe (Chrono Boost)  
  25  5:57  Pylon  
  26  6:08  Probe  
  27  6:18  Void Ray  
  31  6:19  Cybernetics Core  
  31  6:20  Probe  
  31  6:25  Protoss Air Weapons Level 1 (Chrono Boost)  
  32  6:28  Stargate  
  32  6:41  Photon Cannon  
  32  6:46  Photon Cannon  
  32  6:48  Pylon  
  32  6:57  Photon Cannon  
  32  7:00  Pylon  
  32  7:10  Void Ray  
  36  7:18  Protoss Air Armor Level 1 (Chrono Boost)  
  36  7:29  Probe (Chrono Boost)  
  37  7:40  Probe (Chrono Boost)  
  38  7:45  Probe (Chrono Boost)  
  39  7:52  Void Ray  
  43  8:20  Nexus  
  43  8:28  Pylon  
  43  8:35  Fleet Beacon  
  43  8:42  Void Ray  
  47  8:56  Void Ray  
  43  9:45  Void Ray x4  
  59  9:59  Probe (Chrono Boost)  
  60  10:04  Protoss Air Weapons Level 2 (Chrono Boost)  
  60  10:09  Probe (Chrono Boost)  
  60  10:13  Protoss Air Armor Level 2 (Chrono Boost)  
  60  10:14  Probe (Chrono Boost)  
  62  10:25  Probe  
  63  10:37  Probe  
  64  10:43  Void Ray x2  
  72  11:05  Void Ray x2  
  64  12:08  Void Ray x4  
  80  12:18  Protoss Air Weapons Level 3  
  80  12:51  Void Ray x2  
  76  13:17  Void Ray x2  
  84  13:28  Assimilator  
  84  13:30  Probe (Chrono Boost), Assimilator  
  84  13:33  Void Ray x2  
  93  13:41  Probe (Chrono Boost)  
  94  13:45  Probe (Chrono Boost)  
  95  13:56  Probe  
  95  13:59  Void Ray  
  100  14:09  Probe  
  101  15:05  Void Ray  
  101  15:08  Void Ray  
Show
View Real Time Build Order
Export as new Build Order

Rezman Zerg - Winner!

Build Orders: Pool First 

Get SALT Encoding   

  12  0:10  Drone x2  
  14  0:22  Overlord  
  14  0:28  Overlord  
  14  0:38  Extractor  
  14  0:41  Extractor  
  12  0:43  Drone  
  12  0:44  Drone  
  14  1:05  Drone  
  14  1:06  Drone  
  16  1:15  Spawning Pool  
  16  1:17  Drone  
  16  1:27  Drone  
  17  1:54  Drone  
  18  2:04  Hatchery  
  17  2:09  Lair  
  17  2:36  Overlord x2  
  17  2:40  Zergling x2  
  18  3:08  Nydus Network  
  18  3:10  Queen  
  19  3:13  Drone x2  
  19  3:18  Drone  
  22  3:24  Drone  
  23  3:34  Drone  
  23  3:40  Queen  
  26  3:46  Drone  
  27  3:55  Zergling x4  
  29  3:57  Metabolic Boost  
  29  4:10  Queen  
  29  4:15  Drone x2  
  33  4:22  Nydus Canal  
  33  4:52  Overseer  
  33  5:07  Spine Crawler  
  32  5:10  Spore Crawler  
  28  6:16  Drone x3  
  31  6:43  Drone  
  31  6:44  Drone x3  
  35  7:07  Hydralisk Den  
  34  7:12  Evolution Chamber  
  33  7:16  Zergling x4  
  33  7:17  Zergling x8  
  37  8:27  Muscular Augments  
  37  8:29  Zerg Ground Armor Level 1  
  37  8:35  Infestation Pit  
  37  8:37  Drone x2  
  37  8:39  Overlord x5  
  37  8:40  Overlord x2  
  38  8:43  Pneumatized Carapace  
  38  8:53  Hydralisk x4  
  46  9:02  Extractor  
  45  9:05  Extractor  
  45  9:06  Hydralisk x5  
  45  9:07  Hydralisk x5  
  45  9:08  Hydralisk  
  66  9:38  Grooved Spines  
  66  9:52  Hydralisk  
  66  9:53  Hydralisk x6  
  66  9:54  Hydralisk  
  82  10:01  Drone  
  82  10:02  Drone x3  
  82  10:04  Drone x2  
  82  10:05  Drone  
  89  10:07  Overlord  
  89  10:23  Zerg Missile Weapons Level 1  
  89  10:28  Hive  
  89  10:30  Hydralisk  
  89  10:31  Hydralisk x4  
  55  11:51  Hydralisk x3  
  55  11:52  Hydralisk x5  
  55  11:53  Hydralisk x3  
  77  12:17  Zerg Ground Armor Level 2  
  77  12:31  Hydralisk x2  
  77  12:32  Hydralisk x5  
  77  12:33  Hydralisk x6  
  98  13:07  Drone  
  98  13:08  Drone x2  
  98  13:11  Overlord x3  
  86  14:31  Hydralisk x5  
  78  14:32  Hydralisk x5  
Show
View Real Time Build Order
Export as new Build Order

Battacker Zerg - Winner!

Build Orders: Hatch First 

Get SALT Encoding   

  12  0:02  Drone  
  13  0:20  Drone  
  14  0:40  Hatchery  
  14  0:41  Drone  
  14  0:52  Overlord  
  14  1:01  Extractor  
  14  1:03  Drone  
  14  1:06  Overlord  
  14  1:19  Spawning Pool  
  13  1:29  Drone  
  13  1:30  Drone x2  
  16  1:51  Drone  
  16  1:52  Drone  
  18  2:01  Drone  
  19  2:13  Drone  
  19  2:15  Queen  
  20  2:19  Metabolic Boost  
  20  2:21  Drone  
  23  2:34  Extractor  
  22  2:40  Extractor  
  21  3:02  Drone x3  
  24  3:06  Drone x3  
  27  3:14  Zergling x2  
  28  3:28  Zergling x8  
  32  3:37  Evolution Chamber  
  32  3:38  Drone x2  
  33  3:47  Drone  
  34  3:52  Lair  
  34  3:57  Queen  
  36  4:03  Overlord x4  
  36  4:25  Drone x3  
  39  4:32  Extractor  
  38  5:16  Zergling x6  
  41  5:32  Zergling x6  
  41  5:33  Zergling x12  
  50  5:48  Hydralisk Den  
  49  6:03  Burrow  
  49  6:10  Zerg Ground Armor Level 1  
  48  6:39  Spine Crawler  
  47  6:46  Spine Crawler  
  45  7:00  Hydralisk x3  
  45  7:01  Hydralisk x5  
  61  7:08  Grooved Spines  
  61  7:14  Hydralisk x3  
  67  7:16  Overlord x4  
  67  7:17  Overlord  
  67  7:21  Overseer  
  60  8:10  Hydralisk x5  
  66  8:27  Zerg Missile Weapons Level 1  
  66  8:31  Hydralisk x3  
  72  8:37  Muscular Augments  
  72  8:42  Hydralisk  
  72  8:43  Hydralisk x2  
  47  10:54  Hydralisk x2  
  47  10:55  Hydralisk x6  
  63  10:58  Zerg Missile Weapons Level 2  
  63  11:05  Hydralisk x6  
  75  11:26  Hatchery  
  74  11:52  Hatchery  
  73  11:55  Hydralisk x2  
  73  11:56  Hydralisk x3  
  83  12:03  Hydralisk x6  
  72  13:26  Extractor  
  71  13:30  Extractor  
  70  14:49  Hydralisk x4  
  70  14:50  Hydralisk x4  
  86  15:00  Hydralisk x3  
  86  15:01  Hydralisk x2  
Show
View Real Time Build Order
Export as new Build Order

Infamous Terran - Winner!

Build Orders: MMM Bio 

Get SALT Encoding   

  12  0:02  SCV  
  13  0:14  SCV  
  13  0:20  Supply Depot  
  14  0:28  SCV  
  15  0:44  Barracks, SCV  
  16  0:53  Refinery  
  16  0:56  SCV  
  17  1:09  SCV  
  18  1:20  Barracks  
  18  1:21  SCV  
  18  1:24  Supply Depot  
  19  1:48  SCV  
  20  1:54  Refinery  
  20  2:00  Orbital Command  
  20  2:03  Reaper  
  21  2:11  Reaper  
  22  2:28  SCV  
  23  2:38  Factory  
  23  2:43  Barracks Reactor  
  23  2:48  Barracks Tech Lab  
  23  2:54  SCV  
  24  3:06  SCV  
  25  3:14  Barracks  
  25  3:18  SCV  
  26  3:24  Marine  
  26  3:25  Marine x2  
  29  3:29  Stimpack  
  29  3:31  SCV  
  30  3:37  Supply Depot  
  30  3:42  Factory Tech Lab  
  30  3:49  Starport  
  30  4:01  Supply Depot  
  28  4:11  Marine x2  
  28  4:12  Marine  
  31  4:17  Marauder  
  31  4:22  Siege Tank  
  36  4:39  Marauder  
  38  4:47  Marine  
  33  4:59  Barracks Reactor  
  33  5:00  Marauder  
  35  5:11  Marine x2  
  37  5:18  Medivac  
  39  5:21  Marauder  
  41  5:29  Marine x2, Combat Shields  
  43  5:37  Marine  
  43  5:38  Marine  
  45  5:48  SCV  
  46  5:51  Command Center  
  46  6:04  Supply Depot, SCV  
  47  6:25  Marine x4  
  47  6:26  Supply Depot, Medivac  
  47  6:29  Siege Tank, Marauder  
  47  6:43  SCV  
  48  6:50  Marauder  
  48  6:51  Marine x3  
  48  6:52  Marine  
  54  6:56  Medivac  
  56  7:12  Siege Tank  
  56  7:15  Marine x4  
  61  7:17  Marauder  
  65  7:25  Medivac  
  67  7:32  Factory  
  67  7:34  SCV  
  67  7:37  SCV  
  69  7:46  SCV  
  69  7:49  Marine x3  
  73  8:16  SCV x2  
  75  8:22  Refinery  
  75  8:24  Refinery  
  75  8:31  Marine x3  
  78  8:43  Concussive Shells  
  78  8:53  Engineering Bay  
  78  9:01  Medivac  
  78  9:02  Marine, SCV x2  
  78  9:03  Marine  
  78  9:05  Siege Tank  
  61  9:20  SCV, Marauder  
  61  9:21  SCV  
  61  9:27  Marine x4  
  64  9:32  Medivac  
  64  9:37  Siege Tank  
  69  9:41  Marine  
  70  9:59  Marauder  
  72  10:04  Marine x3  
  72  10:05  Marine  
  76  10:08  Medivac  
  76  10:13  Factory Tech Lab  
  78  11:37  Marine x2  
  78  11:39  Marine, Medivac, SCV x2  
  78  11:42  Marine  
  78  12:34  Command Center  
  78  12:39  Marine, SCV  
  78  12:40  Marine x2  
  78  12:41  Medivac  
  78  12:53  Marine  
  78  12:54  SCV  
  78  13:46  Marine x4, Medivac, Siege Tank x2, SCV, Marauder  
  93  13:52  Supply Depot  
  93  13:58  SCV  
  89  14:03  Marine  
  89  14:04  Marine  
  89  14:08  Marauder  
  93  14:14  Supply Depot, SCV  
  94  14:18  Siege Tank x2  
  94  14:23  Marine  
  94  14:24  Marine x2  
  101  14:36  Marine, Marauder  
  101  14:37  Supply Depot  
  104  14:41  Marine x2  
  104  14:42  Marine  
  107  14:53  Marine  
  107  14:55  Siege Tank  
  107  14:59  Marine x3, Siege Tank, Marauder  
  116  15:00  Supply Depot  
  117  15:22  Marine x4, Marauder  
  117  15:25  Supply Depot  
  123  15:44  Marauder  
Tags
 
Add a new tag
Caveats
  • Supply blocks, unpowered buildings, or Contaminate may cause inaccurate times.
  • Supply counts are checked every 10 seconds.